TOP OF THE 1ST |
Atlanta Braves batting - Pitching for Philadelphia Phillies : LHP David Price
|
Pitching: LHP David Price
|
|
Batting: LHB Mallex Smith
|
0-0: Bunt for hit - play at first, batter safe!
|
Batting: SHB Leury Garcia
|
0-0: Called Strike 0-1: Ball 1-1: Ball 2-1: 2-RUN HOME RUN (Line Drive, 78XD), Distance : 426 ft
|
Batting: RHB Domingo Santana
|
0-0: Ball 1-0: Ball 2-0: Ball 3-0: Base on Balls
|
Batting: RHB Miguel Sano
|
0-0: Ball 1-0: Foul Ball, location: 2F 1-1: Called Strike 1-2: SINGLE (Line Drive, 9S) Domingo Santana to second
|
Batting: LHB Greg Bird
|
0-0: Foul Ball, location: 2F 0-1: Ball 1-1: Ball 2-1: Called Strike 2-2: Strikes out looking
|
Batting: RHB Hunter Renfroe
|
0-0: Ball 1-0: Foul Ball, location: 2F 1-1: Swinging Strike 1-2: Ball 2-2: Foul Ball, location: 2F 2-2: Ball 3-2: Base on Balls Domingo Santana to third Miguel Sano to second
|
Batting: RHB Jorge Alfaro
|
0-0: Called Strike 0-1: Swinging Strike 0-2: Ball 1-2: Fielders Choice at 2nd, 4-6 (Groundball, 4) Domingo Santana scores Miguel Sano to third
|
Batting: RHB Jose Iglesias
|
0-0: Ball 1-0: Foul Ball, location: 2F 1-1: SINGLE (Line Drive, 3D) Miguel Sano scores Jorge Alfaro to second
|
Batting: RHB Brandon McCarthy
|
0-0: Called Strike 0-1: Called Strike 0-2: Fly out, F8 (Flyball, 8LD)
|
Top of the 1st over - 4 runs, 4 hits, 0 errors, 2 left on base; Atlanta 4 - Philadelphia 0 |
BOTTOM OF THE 1ST |
Philadelphia Phillies batting - Pitching for Atlanta Braves : RHP Brandon McCarthy
|
Pitching: RHP Brandon McCarthy
|
|
Batting: RHB Delino DeShields Jr.
|
0-0: Ball 1-0: Called Strike 1-1: Called Strike 1-2: Ground out 6-3 (Groundball, 56)
|
Batting: RHB Todd Frazier
|
0-0: Fly out, F5 (Line Drive, 5)
|
Batting: RHB Giancarlo Stanton
|
0-0: Called Strike 0-1: Ball 1-1: Ball 2-1: Foul Ball, location: 2F 2-2: Strikes out swinging
|
Bottom of the 1st over - 0 runs, 0 hits, 0 errors, 0 left on base; Atlanta 4 - Philadelphia 0 |
TOP OF THE 2ND |
Atlanta Braves batting - Pitching for Philadelphia Phillies : LHP David Price
|
Batting: LHB Mallex Smith
|
0-0: Called Strike 0-1: Hit by Pitch
|
Batting: SHB Leury Garcia
|
0-0: Ball 1-0: Fly out, F7 (Line Drive, 7)
|
Batting: RHB Domingo Santana
|
0-0: Ball 1-0: Ball 2-0: Ball 3-0: Base on Balls Mallex Smith to second
|
Batting: RHB Miguel Sano
|
0-0: Called Strike Domingo Santana is caught stealing 2nd base 0-1: Called Strike 0-2: Ball 1-2: Strikes out swinging
|
Top of the 2nd over - 0 runs, 0 hits, 0 errors, 1 left on base; Atlanta 4 - Philadelphia 0 |
BOTTOM OF THE 2ND |
Philadelphia Phillies batting - Pitching for Atlanta Braves : RHP Brandon McCarthy
|
Batting: LHB Justin Bour
|
0-0: Called Strike 0-1: Called Strike 0-2: Foul Ball, location: 2F 0-2: Ball 1-2: Ball 2-2: SOLO HOME RUN (Flyball, 89XD), Distance : 403 ft
|
Batting: LHB Kole Calhoun
|
0-0: Ball 1-0: Ball 2-0: Ground out U3 (Groundball, 3L)
|
Batting: RHB Amed Rosario
|
0-0: Ball 1-0: Fly out, F8 (Line Drive, 8RD)
|
Batting: RHB Scott Kingery
|
0-0: Ball 1-0: Ball 2-0: Ball 3-0: Called Strike 3-1: TRIPLE (Line Drive, 78XD)
|
Batting: LHB Brett Sullivan
|
0-0: Called Strike 0-1: Ball 1-1: Fly out, F6 (Flyball, 5D)
|
Bottom of the 2nd over - 1 run, 2 hits, 0 errors, 1 left on base; Atlanta 4 - Philadelphia 1 |
TOP OF THE 3RD |
Atlanta Braves batting - Pitching for Philadelphia Phillies : LHP David Price
|
Batting: LHB Greg Bird
|
0-0: Swinging Strike 0-1: Ball 1-1: Ball 2-1: Swinging Strike 2-2: Strikes out swinging
|
Batting: RHB Hunter Renfroe
|
0-0: Ball 1-0: Ball 2-0: Swinging Strike 2-1: Called Strike 2-2: Strikes out swinging
|
Batting: RHB Jorge Alfaro
|
0-0: Fly out, F2 (Popup, 15S)
|
Top of the 3rd over - 0 runs, 0 hits, 0 errors, 0 left on base; Atlanta 4 - Philadelphia 1 |
BOTTOM OF THE 3RD |
Philadelphia Phillies batting - Pitching for Atlanta Braves : RHP Brandon McCarthy
|
Batting: LHB David Price
|
0-0: Foul Ball, location: 2F 0-1: Called Strike 0-2: Ground out 4-3 (Groundball, 4MD)
|
Batting: RHB Delino DeShields Jr.
|
0-0: Ball 1-0: Swinging Strike 1-1: Bunt for hit - play at first, batter OUT! 2-3
|
Batting: RHB Todd Frazier
|
0-0: Ball 1-0: DOUBLE (Line Drive, 78D)
|
Batting: RHB Giancarlo Stanton
|
0-0: Called Strike 0-1: Ground out 5-3 (Groundball, 56S)
|
Bottom of the 3rd over - 0 runs, 1 hit, 0 errors, 1 left on base; Atlanta 4 - Philadelphia 1 |
TOP OF THE 4TH |
Atlanta Braves batting - Pitching for Philadelphia Phillies : LHP David Price
|
Batting: RHB Jose Iglesias
|
0-0: Ball 1-0: Ball 2-0: SOLO HOME RUN (Line Drive, 7LD), Distance : 339 ft
|
Batting: RHB Brandon McCarthy
|
0-0: Ball 1-0: Foul Ball, location: 2F 1-1: Foul Ball, location: 2F 1-2: Reached on error, E3 (Groundball, 34)
|
Pitching: RHP Seung-hwan Oh
|
|
Batting: LHB Mallex Smith
|
0-0: Called Strike 0-1: Ball 1-1: Fly out, F3 (Line Drive, 3) Lined into DP, U3 (Line Drive, 3)
|
Batting: SHB Leury Garcia
|
0-0: Ball 1-0: Foul Ball, location: 2F 1-1: Ball 2-1: Fly out, F7 (Line Drive, 7D)
|
Top of the 4th over - 1 run, 1 hit, 1 error, 0 left on base; Atlanta 5 - Philadelphia 1 |
BOTTOM OF THE 4TH |
Philadelphia Phillies batting - Pitching for Atlanta Braves : RHP Brandon McCarthy
|
Batting: LHB Justin Bour
|
0-0: Called Strike 0-1: Ground out 6-3 (Groundball, 4M)
|
Batting: LHB Kole Calhoun
|
0-0: Ball 1-0: Called Strike 1-1: Called Strike 1-2: SINGLE (Groundball, 4MD)
|
Batting: RHB Amed Rosario
|
0-0: SINGLE (Line Drive, 9LS) Kole Calhoun to second Runner from 2nd tries for 3rd, SAFE, no throw
|
Batting: RHB Scott Kingery
|
0-0: Ball 1-0: Called Strike 1-1: Ball 2-1: Fly out, F9 (Flyball, 9) Runner from 3rd tags up, SCORES, throw made
|
Batting: LHB Brett Sullivan
|
0-0: Called Strike 0-1: Called Strike 0-2: Ball 1-2: Foul Ball, location: 2F 1-2: Ball 2-2: Fielders Choice at 2nd, U4 (Groundball, 4M)
|
Bottom of the 4th over - 1 run, 2 hits, 0 errors, 1 left on base; Atlanta 5 - Philadelphia 2 |
TOP OF THE 5TH |
Atlanta Braves batting - Pitching for Philadelphia Phillies : RHP Seung-hwan Oh
|
Batting: RHB Domingo Santana
|
0-0: Foul Ball, location: 2F 0-1: SINGLE (Groundball, 6MD)
|
Batting: RHB Miguel Sano
|
0-0: Foul Ball, location: 2F 0-1: Swinging Strike 0-2: Strikes out swinging
|
Batting: LHB Greg Bird
|
0-0: Ball 1-0: Swinging Strike 1-1: Fly out, F9 (Flyball, 9S)
|
Batting: RHB Hunter Renfroe
|
0-0: Ball 1-0: Called Strike 1-1: Called Strike 1-2: Ball 2-2: Strikes out swinging
|
Top of the 5th over - 0 runs, 1 hit, 0 errors, 1 left on base; Atlanta 5 - Philadelphia 2 |
BOTTOM OF THE 5TH |
Philadelphia Phillies batting - Pitching for Atlanta Braves : RHP Brandon McCarthy
|
Batting: RHB Seung-hwan Oh
|
0-0: Called Strike 0-1: Called Strike 0-2: Strikes out swinging
|
Batting: RHB Delino DeShields Jr.
|
0-0: Foul Ball, location: 2F 0-1: Ball 1-1: Called Strike 1-2: Foul Ball, location: 2F 1-2: Strikes out swinging
|
Batting: RHB Todd Frazier
|
0-0: Called Strike 0-1: Foul Ball, location: 2F 0-2: Fly out, F7 (Flyball, 78D)
|
Bottom of the 5th over - 0 runs, 0 hits, 0 errors, 0 left on base; Atlanta 5 - Philadelphia 2 |
TOP OF THE 6TH |
Atlanta Braves batting - Pitching for Philadelphia Phillies : RHP Seung-hwan Oh
|
Batting: RHB Jorge Alfaro
|
0-0: Ground out 6-3 (Groundball, 6)
|
Batting: RHB Jose Iglesias
|
0-0: Called Strike 0-1: Ball 1-1: Fly out, F7 (Line Drive, 7D)
|
Batting: RHB Brandon McCarthy
|
0-0: Called Strike 0-1: Swinging Strike 0-2: Ball 1-2: Ball 2-2: Strikes out swinging
|
Top of the 6th over - 0 runs, 0 hits, 0 errors, 0 left on base; Atlanta 5 - Philadelphia 2 |
BOTTOM OF THE 6TH |
Philadelphia Phillies batting - Pitching for Atlanta Braves : RHP Brandon McCarthy
|
Batting: RHB Giancarlo Stanton
|
0-0: Ball 1-0: Foul Ball, location: 2F 1-1: Ball 2-1: Called Strike 2-2: Strikes out swinging
|
Batting: LHB Justin Bour
|
0-0: Ball 1-0: SOLO HOME RUN (Flyball, 9LD), Distance : 343 ft
|
Batting: LHB Kole Calhoun
|
0-0: Ball 1-0: Ball 2-0: Called Strike 2-1: Ball 3-1: Base on Balls
|
Batting: RHB Amed Rosario
|
0-0: Swinging Strike 0-1: Foul Ball, location: 2F 0-2: Ball Wild Pitch! Kole Calhoun to second 1-2: Ball 2-2: Foul Ball, location: 2F 2-2: Strikes out swinging
|
Batting: RHB Scott Kingery
|
0-0: Ball 1-0: Ball 2-0: Called Strike 2-1: Fly out, F9 (Flyball, 9)
|
Bottom of the 6th over - 1 run, 1 hit, 0 errors, 1 left on base; Atlanta 5 - Philadelphia 3 |
TOP OF THE 7TH |
Atlanta Braves batting - Pitching for Philadelphia Phillies : RHP Seung-hwan Oh
|
Pitching: RHP Joe Smith
|
|
Batting: LHB Mallex Smith
|
0-0: Called Strike 0-1: Swinging Strike 0-2: Ball 1-2: Ball 2-2: Ball 3-2: Strikes out swinging, 2-3 out at first.
|
Batting: SHB Leury Garcia
|
0-0: Swinging Strike 0-1: Fly out, F8 (Flyball, 8RM)
|
Batting: RHB Domingo Santana
|
0-0: Ball 1-0: Ball 2-0: Called Strike 2-1: SINGLE (Groundball, 6MD)
|
Batting: RHB Miguel Sano
|
0-0: Foul Ball, location: 2F 0-1: Foul Ball, location: 2F 0-2: Ball 1-2: Ball 2-2: Ball 3-2: SINGLE (Groundball, 34D) Domingo Santana to second Domingo Santana to third
|
Batting: LHB Greg Bird
|
0-0: Called Strike 0-1: Ball 1-1: Ball 2-1: Foul Ball, location: 2F 2-2: 3-RUN HOME RUN (Flyball, 89XD), Distance : 451 ft
|
Pitching: RHP Nate Jones
|
|
Batting: RHB Hunter Renfroe
|
0-0: Ball 1-0: Ball 2-0: Called Strike 2-1: Ball 3-1: Base on Balls
|
Batting: RHB Jorge Alfaro
|
0-0: SINGLE (Line Drive, 8RS) Hunter Renfroe to second
|
Batting: RHB Jose Iglesias
|
0-0: Called Strike 0-1: Fly out, F7 (Flyball, 78D)
|
Top of the 7th over - 3 runs, 4 hits, 0 errors, 2 left on base; Atlanta 8 - Philadelphia 3 |
BOTTOM OF THE 7TH |
Philadelphia Phillies batting - Pitching for Atlanta Braves : RHP Brandon McCarthy
|
Pitching: RHP James Shields
|
|
Batting: LHB Brett Sullivan
|
0-0: Ball 1-0: Called Strike 1-1: Called Strike 1-2: Strikes out looking
|
Pinch Hitting: RHB Jesus Aguilar
|
0-0: Called Strike 0-1: Called Strike 0-2: SOLO HOME RUN (Flyball, 7LD), Distance : 356 ft
|
Batting: RHB Delino DeShields Jr.
|
0-0: Ball 1-0: Ball 2-0: Ball 3-0: Called Strike 3-1: Called Strike 3-2: Base on Balls
|
Batting: RHB Todd Frazier
|
0-0: Ball 1-0: Fielders Choice at 2nd, 6-4 (Groundball, 6)
|
Batting: RHB Giancarlo Stanton
|
0-0: Ball 1-0: Ball 2-0: Ball 3-0: Ground out 4-3 (Groundball, 4)
|
Bottom of the 7th over - 1 run, 1 hit, 0 errors, 1 left on base; Atlanta 8 - Philadelphia 4 |
TOP OF THE 8TH |
Atlanta Braves batting - Pitching for Philadelphia Phillies : RHP Nate Jones
|
Pitching: LHP Alex Claudio
|
|
Pinch Hitting: RHB Pat Valaika
|
0-0: Called Strike 0-1: Ball 1-1: SINGLE (Line Drive, 8LS)
|
Batting: LHB Mallex Smith
|
0-0: Swinging Strike 0-1: Swinging Strike 0-2: Strikes out looking
|
Batting: SHB Leury Garcia
|
0-0: Ball 1-0: Swinging Strike 1-1: Ball 2-1: Ball 3-1: SINGLE (Groundball, 4MS) (infield hit) Pat Valaika to second
|
Batting: RHB Domingo Santana
|
0-0: Swinging Strike 0-1: Ball 1-1: Foul Ball, location: 2F 1-2: Strikes out swinging
|
Batting: RHB Miguel Sano
|
0-0: Foul Ball, location: 2F 0-1: Foul Ball, location: 2F 0-2: Foul Ball, location: 2F 0-2: SINGLE (Groundball, 6MD) Pat Valaika to third Leury Garcia to second Runner from 3rd tries for Home, SAFE, no throw
|
Batting: LHB Greg Bird
|
0-0: Called Strike 0-1: Ball 1-1: Foul Ball, location: 2F 1-2: Foul Ball, location: 2F 1-2: Foul Ball, location: 2F 1-2: Foul Ball, location: 2F 1-2: Fly out, F9 (Flyball, 9LS)
|
Top of the 8th over - 1 run, 3 hits, 0 errors, 2 left on base; Atlanta 9 - Philadelphia 4 |
BOTTOM OF THE 8TH |
Philadelphia Phillies batting - Pitching for Atlanta Braves : RHP James Shields
|
Pitching: LHP Brian Johnson
|
|
Batting: LHB Justin Bour
|
0-0: Called Strike 0-1: Swinging Strike 0-2: Ball 1-2: Foul Ball, location: 2F 1-2: Ball 2-2: Ball 3-2: Base on Balls
|
Batting: LHB Kole Calhoun
|
0-0: Ball 1-0: Ball 2-0: Called Strike 2-1: Foul Ball, location: 2F 2-2: Ball 3-2: Base on Balls Justin Bour to second
|
Batting: RHB Amed Rosario
|
0-0: Ball 1-0: Fielders Choice at 2nd, 6-4 (Groundball, 56) Justin Bour to third
|
Batting: RHB Scott Kingery
|
0-0: Ball 1-0: Foul Ball, location: 2F 1-1: Foul Ball, location: 2F 1-2: Ball 2-2: Strikes out swinging
|
Batting: LHB Brett Sullivan
|
0-0: Fly out, F8 (Flyball, 8LXD)
|
Bottom of the 8th over - 0 runs, 0 hits, 0 errors, 2 left on base; Atlanta 9 - Philadelphia 4 |
TOP OF THE 9TH |
Atlanta Braves batting - Pitching for Philadelphia Phillies : LHP Alex Claudio
|
Batting: RHB Hunter Renfroe
|
0-0: Ball 1-0: Ball 2-0: Ball 3-0: Called Strike 3-1: Swinging Strike 3-2: Strikes out swinging
|
Batting: RHB Jorge Alfaro
|
0-0: Foul Ball, location: 2F 0-1: Foul Ball, location: 2F 0-2: Ball 1-2: DOUBLE (Line Drive, 78D)
|
Pitching: RHP Bryan Shaw
|
|
Batting: RHB Jose Iglesias
|
0-0: Called Strike 0-1: Ball 1-1: Ball 2-1: Ball 3-1: Fly out, F9 (Line Drive, 9D) Runner from 2nd tags up, SAFE at 3rd, no throw
|
Pinch Hitting: RHB Kurt Suzuki
|
0-0: Ball 1-0: Foul Ball, location: 2F 1-1: Ground out 6-3 (Groundball, 6)
|
Top of the 9th over - 0 runs, 1 hit, 0 errors, 1 left on base; Atlanta 9 - Philadelphia 4 |
BOTTOM OF THE 9TH |
Philadelphia Phillies batting - Pitching for Atlanta Braves : LHP Brian Johnson
|
Pitching: RHP Daniel Hudson
|
|
Pinch Hitting: LHB Nicky Delmonico
|
0-0: Ball 1-0: Foul Ball, location: 2F 1-1: Called Strike 1-2: Foul Ball, location: 2F 1-2: Strikes out swinging, 2-3 out at first.
|
Batting: RHB Delino DeShields Jr.
|
0-0: Ball 1-0: Ball 2-0: Called Strike 2-1: Ground out 4-3 (Groundball, 4S)
|
Batting: RHB Todd Frazier
|
0-0: Ball 1-0: Called Strike 1-1: Swinging Strike 1-2: Foul Ball, location: 2F 1-2: Strikes out swinging
|
Bottom of the 9th over - 0 runs, 0 hits, 0 errors, 0 left on base; Atlanta 9 - Philadelphia 4 |
|